 Dungeon Crawl Stone Soup version 0.21-a0-225-g207ae17 (webtiles) character file.

5174 JackS81 the Slicer (level 10, -11/56 HPs)
             Began as a Kobold Enchanter on Aug 28, 2017.
             Was a Follower of Kikubaaqudgha.
             Mangled by Memingway's ghost (40 damage)
             ... on level 10 of the Dungeon on Sept 1, 2017.
             The game lasted 01:43:06 (11314 turns).

JackS81 the Slicer (Kobold Enchanter)              Turns: 11314, Time: 01:43:06

Health: -11/56     AC:  7    Str:  6    XL:     10   Next: 90%
Magic:  7/13       EV: 19    Int: 17    God:    Kikubaaqudgha [*.....]
Gold:   467        SH:  0    Dex: 18    Spells: 5/13 levels left

rFire    + . .     SeeInvis .   N - +2 dagger (venom)
rCold    . . .     Gourm    .   (shield restricted)
rNeg     . . .     Faith    .   q - +3 leather armour
rPois    .         Spirit   .   v - +0 helmet
rElec    .         Reflect  .   (no cloak)
rCorr    +         Harm     .   (no gloves)
MR       .....                  (no boots)
Stlth    ++++......             (no amulet)
HPRegen  0.18/turn              D - ring of resist corrosion
MPRegen  0.13/turn              M - ring of protection from fire

@: no status effects
A: carnivore 3
a: Receive Corpses, Renounce Religion


You were on level 10 of the Dungeon.
You worshipped Kikubaaqudgha.
Kikubaaqudgha was aware of your devotion.
You were very full.

You visited 2 branches of the dungeon, and saw 11 of its levels.

You collected 467 gold pieces.

Inventory:

Hand Weapons
 a - a +1 dagger
 N - a +2 dagger of venom (weapon)
 Q - the +9 mace of Jasapin {flame, *Noise *Corrode +Inv rN+++}
   (You found it on level 6 of the Dungeon)

   It has been specially enchanted to burn those struck by it, causing extra
   injury to most foes and up to half again as much damage against particularly
   susceptible opponents.
   It renders you almost immune to negative energy.
   It lets you turn invisible.
   It may make noises in combat.
   It may corrode you when you take damage.
 R - the +3 mace "Nerep" {crush, Int+2}
   (You found it on level 6 of the Dungeon)

   It inflicts extra damage upon your enemies.
   It affects your intelligence (+2).
 V - a +0 hand crossbow
Missiles
 x - 5 curare-tipped needles
 S - 6 needles of confusion
Armour
 e - a +0 buckler
 q - a +3 leather armour (worn)
 v - a +0 helmet (worn)
 H - a +2 robe
Jewellery
 j - an uncursed ring of poison resistance
 l - an uncursed ring of resist corrosion
 D - a ring of resist corrosion (left hand)
 M - a ring of protection from fire (right hand)
Wands
 b - a wand of lightning (2/15)
 h - a wand of clouds (4/9)
 E - a wand of flame (30/48)
 Z - a wand of paralysis (12/24)
Scrolls
 f - 2 scrolls of enchant armour
 g - 2 scrolls of acquirement {unknown}
 i - 2 scrolls of random uselessness {unknown}
 n - a scroll of recharging
 p - 2 scrolls of blinking {unknown}
 s - 2 scrolls of teleportation
 w - 2 scrolls of remove curse
 y - a scroll of magic mapping {unknown}
 z - a scroll of immolation {unknown}
 A - a scroll of noise {unknown}
 W - a scroll of holy word {unknown}
Potions
 k - a potion of might
 o - a potion of resistance {unknown}
 r - a potion of brilliance {unknown}
 t - a potion of degeneration {unknown}
 u - 4 potions of curing
 C - 2 potions of heal wounds {unknown}
 F - 2 potions of flight {unknown}
 I - 3 potions of mutation {unknown}
 K - 2 potions of cancellation {unknown}
 L - a potion of berserk rage {unknown}
 O - a potion of haste
 P - a potion of invisibility {unknown}
 U - 3 potions of lignification {unknown}
 X - 2 potions of agility {unknown}
Books
 c - a book of Maledictions

   Spells                             Type                      Level
   a - Corona                         Hexes                        1
   b - Ensorcelled Hibernation        Hexes/Ice                    2
   c - Confuse                        Hexes                        3
   d - Tukima's Dance                 Hexes                        3
   e - Dazzling Spray                 Conjuration/Hexes            3
 B - a book of Necromancy

   Spells                             Type                      Level
   a - Pain                           Necromancy                   1
   b - Animate Skeleton               Necromancy                   1
   c - Vampiric Draining              Necromancy                   3
   d - Regeneration                   Charms/Necromancy            3
   e - Animate Dead                   Necromancy                   4
   f - Control Undead                 Necromancy                   4
 J - a book of Cantrips

   Spells                             Type                      Level
   a - Confusing Touch                Hexes                        1
   b - Animate Skeleton               Necromancy                   1
   c - Summon Small Mammal            Summoning                    1
   d - Apportation                    Translocation                1
 T - Kikubaaqudgha's Reference Book on Darkness
   (Kikubaaqudgha gifted it to you on level 8 of the Dungeon)

   Spells                             Type                      Level
   a - Pain                           Necromancy                   1
   b - Corpse Rot                     Necromancy                   2
   c - Sublimation of Blood           Necromancy                   2
   d - Regeneration                   Charms/Necromancy            3
   e - Control Undead                 Necromancy                   4
Comestibles
 d - 5 meat rations
 m - 2 royal jellies
 Y - 6 chunks of flesh


   Skills:
 + Level 3.5 Fighting
 - Level 11.5 Short Blades
 * Level 7.2 Dodging
 - Level 9.6 Stealth
 - Level 2.1 Spellcasting
 + Level 7.7 Hexes
 * Level 3.5 Necromancy
 + Level 3.3 Evocations


You had 5 spell levels left.
You knew the following spells:

 Your Spells              Type           Power        Failure   Level  Hunger
a - Corona                Hex            ####...      1%          1    #......
b - Confuse               Hex            ####....     3%          3    ###....
c - Tukima's Dance        Hex            ####....     3%          3    ###....
d - Animate Skeleton      Necr           N/A          7%          1    #......


Dungeon Overview and Level Annotations

Branches:
Dungeon (10/15)            Temple (1/1) D:7
   Lair: D:8-11         Orc: D:9-12

Altars:
Ashenzari
Cheibriados
Dithmenos
Elyvilon
Fedhas
Gozag
Hepliaklqana
Kikubaaqudgha
Makhleb
Nemelex Xobeh
Okawaru
Qazlal
Ru
Sif Muna
Trog
Uskayaw
Vehumet
Wu Jian
Xom
Yredelemnul
Zin
The Shining One

Annotations:
D:5 WhatIsLove's ghost, amateur DDFi
D:10 Memingway's ghost, journeyman TrMo


Innate Abilities, Weirdness & Mutations

You are small and have problems with some larger weapons.
You are carnivorous and can eat meat at any time.


Message History

Confirm with . or Enter, or press ? or * to list all spells.
Aiming: Confuse
Press: ? - help, Shift-Dir - straight line, f - Memingway's ghost
Aim: Memingway's ghost (moderately damaged, chance to defeat MR: 15%) Memingway's ghost resists with almost no effort.
Memingway's ghost closely misses you.
Casting: Confuse
Confirm with . or Enter, or press ? or * to list all spells.
Aiming: Confuse
Press: ? - help, Shift-Dir - straight line, f/p - Memingway's ghost
Aim: Memingway's ghost (moderately damaged, chance to defeat MR: 15%) Memingway's ghost resists with almost no effort.
Memingway's ghost hits you but does no damage.
Casting: Confuse
Confirm with . or Enter, or press ? or * to list all spells.
Okay, then.
Memingway's ghost hits you!!!
Ouch! That really hurt!
You die...
Kikubaaqudgha rasps: "You have failed me!
Welcome... death!"

#........$#
#.........#
#.........#
#.........#
#.........#
#.........#
#...W.....#
#...[@....#
#.........#
###########


You could see Memingway's ghost.

Vanquished Creatures
  A two-headed ogre (D:5)
  Grinder (D:4)
  3 hippogriffs
  3 humans
  A wyvern (D:8)
  Eustachio (D:6)
  2 hungry ghosts
  Menkaure (D:6)
  A dancing weapon (D:5)
  A water moccasin (D:9)
  A phantom (D:8)
  A sky beast (D:8)
  A necrophage (D:7)
  3 ogres
  A big kobold (D:5)
  A centaur (D:5)
  Blork the orc (D:5)
  6 bullfrogs
  4 scorpions
  A water moccasin skeleton (D:6)
  2 howler monkeys
  2 crimson imps
  Crazy Yiuf (D:6)
  6 hounds
  An orc wizard (D:6)
  6 orc priests
  6 jellies
  2 bullfrog skeletons
  A gnoll shaman (D:9)
  3 iguanas
  Terence (D:3)
  8 worker ants
  A hound skeleton (D:7)
  Robin (D:4)
  4 gnolls (D:9)
  13 adders
  2 shadow imps
  2 adder skeletons
  4 worms
  8 leopard geckos
  12 orcs
  4 giant cockroaches
  19 goblins
  12 hobgoblins
  11 jackals
  4 kobolds
  4 quokkas
  3 ball pythons
  9 bats
  A frilled lizard (D:2)
  A leopard gecko zombie (D:6)
  7 rats
196 creatures vanquished.

Vanquished Creatures (collateral kills)
  A human (D:6)
  A howler monkey (D:8)
  A worker ant (D:8)
  An adder zombie (D:9)
  3 orcs
  A kobold (D:6)
8 creatures vanquished.

Vanquished Creatures (others)
  3 dancing weapons (D:6)
3 creatures vanquished.

Grand Total: 207 creatures vanquished

Notes
Turn   | Place    | Note
-------+----------+-------------------------------------------
     0 | D:1      | JackS81 the Kobold Enchanter began the quest for the Orb.
     0 | D:1      | Reached XP level 1. HP: 10/10 MP: 3/3
   102 | D:1      | Reached XP level 2. HP: 15/15 MP: 3/5
   242 | D:1      | Reached skill level 2 in Short Blades
   903 | D:1      | Reached XP level 3. HP: 19/19 MP: 6/6
  1332 | D:2      | Found a bloodstained altar of Trog.
  1332 | D:2      | Found a snail-covered altar of Cheibriados.
  1427 | D:2      | Learned a level 3 spell: Confuse
  1506 | D:2      | Reached skill level 3 in Short Blades
  1692 | D:2      | Reached XP level 4. HP: 24/24 MP: 7/7
  1881 | D:2      | Found an opulent altar of Gozag.
  2031 | D:2      | Reached skill level 5 in Stealth
  2209 | D:2      | Reached skill level 4 in Short Blades
  2540 | D:3      | Reached XP level 5. HP: 28/28 MP: 6/8
  2568 | D:3      | Noticed Terence
  2984 | D:3      | Reached skill level 5 in Short Blades
  3077 | D:3      | Killed Terence
  3077 | D:3      | Reached XP level 6. HP: 32/32 MP: 0/9
  3736 | D:4      | Noticed Grinder
  3751 | D:4      | Killed Grinder
  3751 | D:4      | Reached skill level 6 in Short Blades
  3751 | D:4      | Reached XP level 7. HP: 11/36 MP: 6/10
  4140 | D:4      | Reached skill level 7 in Short Blades
  4202 | D:4      | Noticed Robin
  4424 | D:4      | Killed Robin
  5196 | D:5      | Entered Level 5 of the Dungeon
  5202 | D:5      | Noticed Blork the orc
  5291 | D:5      | Noticed a two-headed ogre
  5332 | D:5      | Noticed WhatIsLove's ghost (amateur DDFi)
  5358 | D:5      | Found a white marble altar of Elyvilon.
  5396 | D:5      | Learned a level 3 spell: Tukima's Dance
  5495 | D:5      | Reached XP level 8. HP: 23/41 MP: 8/11
  5699 | D:5      | Reached skill level 8 in Short Blades
  6058 | D:5      | Reached skill level 5 in Hexes
  6118 | D:5      | Killed Blork the orc
  6528 | D:5      | Reached skill level 9 in Short Blades
  6738 | D:6      | Noticed Eustachio
  6740 | D:6      | Noticed a human
  6947 | D:5      | Killed a two-headed ogre
  6947 | D:5      | Reached XP level 9. HP: 37/45 MP: 4/12
  7059 | D:5      | Reached skill level 10 in Short Blades
  7081 | D:6      | Noticed Menkaure
  7453 | D:6      | Killed Eustachio
  7468 | D:6      | Reached skill level 11 in Short Blades
  7906 | D:6      | Found a stormy altar of Qazlal.
  7910 | D:6      | Learned a level 1 spell: Animate Skeleton
  7999 | D:6      | Got a steaming mace
  8004 | D:6      | Got a translucent mace
  8007 | D:6      | Identified the +9 mace of Jasapin {flame, *Noise *Corrode +Inv rN+++} (You found it on level 6 of the Dungeon)
  8008 | D:6      | Identified the cursed +3 mace "Nerep" {crush, Int+2} (You found it on level 6 of the Dungeon)
  8134 | D:6      | Killed Menkaure
  8134 | D:6      | Reached skill level 1 in Fighting
  8180 | D:6      | Found a runed door.
  8286 | D:6      | Reached skill level 1 in Necromancy
  8286 | D:6      | Reached XP level 10. HP: 38/52 MP: 2/13
  8470 | D:6      | Noticed Crazy Yiuf
  8480 | D:6      | Killed Crazy Yiuf
  8581 | D:7      | Found a staircase to the Ecumenical Temple.
  8594 | Temple   | Entered the Ecumenical Temple
  8903 | Temple   | Became a worshipper of Kikubaaqudgha
  9366 | D:7      | Reached skill level 5 in Dodging
  9366 | D:7      | Reached skill level 1 in Evocations
 10155 | D:8      | Reached * piety under Kikubaaqudgha
 10155 | D:8      | Identified Kikubaaqudgha's Reference Book on Darkness (Kikubaaqudgha gifted it to you on level 8 of the Dungeon)
 10155 | D:8      | Received a gift from Kikubaaqudgha
 11310 | D:10     | Entered Level 10 of the Dungeon
 11310 | D:10     | Noticed Memingway's ghost (journeyman TrMo)
 11314 | D:10     | Mangled by Memingway's ghost

Vault maps used:
D:1:      elethiomel_arrival_quiet
D:2:      nicolae_overflow_crystal_walls, gammafunk_temple_overflow_wave
D:3:      first_bread, minmay_strange_pillars, uniq_terence
D:4:      uniq_grinder, uniq_robin
D:5:      elyvilon_altar_3, uniq_blork_the_orc
D:6:      kennysheep_little_box, minmay_ruffians, uniq_crazy_yiuf_cottage,
          uniq_eustachio, uniq_menkaure
D:7:      minmay_temple_entry_butterflies
D:9:      eino_tiny_chamber
D:10:     erik_lair_dragon, zombieorc1_lemuel
Temple:   hc_temple_tempest_star

Skill      XL: |  1  2  3  4  5  6  7  8  9 10 |
---------------+-------------------------------+-----
Short Blades   | 2 3 4 5 6 7 9 11 | 11.5
Stealth        | 5 6 7 8 9 |  9.6
Hexes          | 4 5 7 |  7.7
Dodging        | 3 7 |  7.2
Fighting       | 1 3 |  3.5
Necromancy     | 1 3 |  3.5
Evocations     | 3 |  3.3
Spellcasting   | |  2.1

Action                   |  1- 3 |  4- 6 |  7- 9 | 10-12 || total
-------------------------+-------+-------+-------+-------++-------
Melee: Dagger            |   120 |   295 |   440 |   248 ||  1103
 Fire: Hunting sling     |       |       |    22 |       ||    22
 Cast: Corona            |    12 |    25 |    19 |    18 ||    74
       Confuse           |     2 |    16 |    47 |    40 ||   105
       Tukima's Dance    |       |       |    17 |     4 ||    21
       Animate Skeleton  |       |       |       |    13 ||    13
Evoke: Wand              |       |       |    12 |       ||    12
  Use: Potion            |     2 |       |     1 |       ||     3
       Scroll            |       |       |    11 |     1 ||    12
 Stab: Sleeping          |    11 |     7 |     6 |     6 ||    30
       Confused          |       |     9 |    20 |    16 ||    45
       Distracted        |       |     2 |     4 |     2 ||     8
  Eat: Chunk             |    11 |    10 |    22 |    21 ||    64
       Meat ration       |       |       |       |     1 ||     1
Armor: Robe              |    13 |       |       |       ||    13
       Leather armour    |    17 |    87 |    76 |    35 ||   215
Dodge: Dodged            |   102 |   244 |   244 |   125 ||   715

Table legend:
 A = Spawn XP
 B = Non-spawn XP
 C = Spawn XP percentage of total XP
 D = Spawn monster count
 E = Non-spawn monster count
 F = Spawn count percentage of total count
 G = Total turns spent on level
                    A         B        C        D         E        F      G
               +---------+---------+-------+---------+---------+-------+---------
         Total |    1273 |    6119 |  17.2 |      37 |     166 |  18.2 | 11314
               +---------+---------+-------+---------+---------+-------+---------
           D:1 |      10 |      26 |  27.8 |       6 |      15 |  28.6 |  1289
           D:2 |      13 |      77 |  14.4 |       6 |      14 |  30.0 |  1013
           D:3 |      10 |     200 |   4.8 |       5 |      27 |  15.6 |  1465
           D:4 |      40 |     479 |   7.7 |       2 |      20 |   9.1 |  1429
           D:5 |     393 |    1220 |  24.4 |       7 |      20 |  25.9 |  1858
           D:6 |     246 |    1376 |  15.2 |       4 |      20 |  16.7 |  1456
           D:7 |     220 |    1205 |  15.4 |       4 |      25 |  13.8 |  1126
           D:8 |     220 |     994 |  18.1 |       2 |      12 |  14.3 |   643
           D:9 |     121 |     542 |  18.3 |       1 |      13 |   7.1 |   694
               +---------+---------+-------+---------+---------+-------+---------
